 Dungeon Crawl Stone Soup version 0.24.1-8-ga250c9d538 (webtiles) character file.

Game seed: 2019166525312465426, levelgen mode: deterministic

50 Peloso the Ducker (level 3, 0/19 HPs)
             Began as a Spriggan Fighter on May 7, 2020.
             Succumbed to an adder's poison
             ... on level 2 of the Dungeon.
             The game lasted 00:01:57 (751 turns).

Peloso the Ducker (Spriggan Fighter)                 Turns: 751, Time: 00:01:58

Health: 0/19       AC:  2    Str: 13    XL:     3   Next: 55%
Magic:  4/4        EV: 20    Int:  9    God:
Gold:   15         SH:  6    Dex: 15    Spells: 2/2 levels left

rFire    . . .     SeeInvis +   a - +0 long sword
rCold    . . .     Gourm    .   c - +0 buckler
rNeg     . . .     Faith    .   b - +0 robe
rPois    .         Spirit   .   (helmet restricted)
rElec    .         Reflect  .   (no cloak)
rCorr    .         Harm     .   (gloves unavailable)
MR       .....                  (boots unavailable)
Stlth    +.........             (no amulet)
HPRegen  0.06/turn              (no ring)
MPRegen  0.09/turn              (no ring)

@: lethally poisoned (0 -> -8), very quick
A: very small, unfitting armour, see invisible, herbivore, speed 3, slow
metabolism 2
a: no special abilities


You were on level 2 of the Dungeon.
You were not hungry.

You visited 1 branch of the dungeon, and saw 2 of its levels.

You collected 15 gold pieces.

Inventory:

Hand Weapons
 a - a +0 long sword (weapon)
Armour
 b - a +0 robe (worn)
 c - a +0 buckler (worn)
Scrolls
 e - 2 scrolls of teleportation {unknown}
 g - a scroll of identify {unknown}
 h - a scroll of random uselessness {unknown}
 i - a scroll of noise {unknown}
Potions
 d - a potion of might
Comestibles
 f - 2 rations


   Skills:
 + Level 2.8 Fighting
 + Level 2.1 Long Blades
 + Level 5.1 Dodging
 + Level 2.5 Shields


You had 2 spell levels left.
You didn't know any spells.
Your spell library was empty.

Dungeon Overview and Level Annotations

Branches:
Dungeon (1/15)

Altars:
Elyvilon
Zin


Innate Abilities, Weirdness & Mutations

You are very small and have problems with some larger weapons.
You are too small for most types of armour.
You have supernaturally acute eyesight. (SInv)
You are a herbivore.
You cover ground extremely quickly.
You need to consume almost no food.


Message History

The adder is almost dead.
* * * LOW HITPOINT WARNING * * *
You feel sick. The adder bites you.
* * * LOW HITPOINT WARNING * * *
You are more poisoned.
The adder poisons you!
You hit the adder but do no damage.
The adder is almost dead.
* * * LOW HITPOINT WARNING * * *
You feel sick. The adder completely misses you.
You riposte.
You hit the adder.
You kill the adder!
The dart slug misses you.
You riposte.
You hit the dart slug.
The dart slug is heavily wounded.
There is an open door, spattered with blood here.
Things that are here:
an adder corpse x2
Okay, then.
You hit the dart slug but do no damage.
The dart slug is heavily wounded.
You die...

##.....## # #
##.......##
###.#...#
#.........#
†........
+.........#
##..#.(.#
#......$..# ..#
# #.......# ..#
#.....# ..#
#.w.# ... ##@##
#.## #.# .# ##
#.# ..# ##.##
#.###...##
#.##.....#
#.###...## #.#
##.##
#.###.####.#####


You could see a dart slug.

Vanquished Creatures
  2 adders (D:2)
  An ooze (D:2)
  3 worms (D:2)
  An orc (D:2)
  A giant cockroach (D:2)
  3 goblins (D:2)
  A hobgoblin (D:2)
  2 kobolds
  A quokka (D:2)
  2 bats (D:2)
  3 rats (D:2)
20 creatures vanquished.

Vanquished Creatures (others)
  A kobold (D:2)
1 creature vanquished.

Grand Total: 21 creatures vanquished

Notes
Turn   | Place    | Note
-------+----------+-------------------------------------------
     0 | D:1      | Peloso the Spriggan Fighter began the quest for the Orb.
     0 | D:1      | Reached XP level 1. HP: 11/11 MP: 2/2
    48 | D:1      | You fall into a shaft and drop 1 floor!
   131 | D:2      | Reached XP level 2. HP: 9/16 MP: 3/3
   337 | D:2      | Found a white marble altar of Elyvilon.
   406 | D:2      | Reached XP level 3. HP: 1/19 MP: 4/4
   710 | D:2      | Found a glowing silver altar of Zin.
   743 | D:2      | Reached skill level 5 in Dodging
   751 | D:2      | Succumbed to an adder's poison

Levels and vault maps discovered:
D:1:      dpeg_arrival_concentric_ovals, layout_rooms
D:2:      layout_loops_corners, elyvilon_altar_4, old_standard_altar,
          nicolae_tso_carved_into_rock

Skill      XL: |  1  2  3 |
---------------+----------+-----
Long Blades    | 2 |  2.1
Dodging        | 5 |  5.1
Fighting       | |  2.8
Shields        | |  2.5

Action                   || total
-------------------------++-------
Melee: Long sword        ||    66
Armor: Robe              ||     5
Dodge: Dodged            ||    47
Block: Buckler           ||    25
       Rpst.: Long sword ||    18
